[Event "Seniors-LEM-65 Sachsen-Anhalt 2024"]
[Site "Magdeburg"]
[Date "2024.07.01"]
[Round "1.27"]
[White "Christen, Pierre"]
[Black "Freitag, Ingo"]
[Result "1-0"]
[ECO "A53"]
[WhiteElo "1946"]
[BlackElo "1810"]
[Annotator "TA"]
[PlyCount "99"]
[EventDate "2024.06.25"]
[EventType "swiss"]
[EventCountry "GER"]
[SourceTitle "playchess.com"]
[Source "ChessBase"]
[SourceQuality "1"]
[TimeControl "40/5400+30:1800+30"]

1. c4 e5 2. g3 Nf6 3. Bg2 c6 4. d4 exd4 5. Qxd4 Be7 6. Nc3 d6 7. Nf3 O-O 8. O-O Nbd7 9. Bf4 {[%emt 0:07:52] White is slightly better.} Ne8 (9... Nc5 $11) 10. Rad1 Ndf6 (10... f5 $14) 11. e4 $16 {[%emt 0:14:30] White has more active pieces.} Bg4 12. e5 ({White should play} 12. Qd2 $16) 12... Nh5 $2 (12... dxe5 $14 13. Qxe5 Nd7) 13. exd6 $18 Bf6 14. Be5 Bxe5 15. Qxe5 ({Don't take} 15. Nxe5 Bxd1 16. Rxd1 Nhf6) 15... Nhf6 16. h3 Be6 17. b3 Nd7 18. Qe3 Nef6 19. c5 Re8 {[%emt 0:03:23][%cal Oe6b3] [#]} 20. Qd4 $1 h6 (20... Qa5 $16) 21. Rfe1 Nh7 22. b4 Nhf8 23. a4 Qf6 (23... a5 $142 24. b5 Rc8) 24. a5 a6 25. Qxf6 Nxf6 26. Nd4 Bd7 27. Nf3 $2 ({White should try} 27. f4 $18) 27... Rxe1+ $4 (27... Be6 $1 $11 28. Nd4 N8d7) 28. Rxe1 Re8 29. Kf1 Rxe1+ 30. Kxe1 Be6 31. Nd4 Bd7 32. Kd2 Ne6 33. Nxe6 Bxe6 {[%emt 0:00:28][%mdl 4096] Endgame. KBN-KBN} 34. Ke3 Bd7 35. g4 g6 36. f4 Ne8 37. Kd4 f6 38. Bf3 Kf7 39. Be2 g5 $2 (39... Be6 40. Na4 Ng7) 40. Bc4+ {[%emt 0:01:47] White is clearly winning.} Kf8 41. Na4 {[%emt 0:06:03] [#] Strongly threatening Nb6.} Ng7 42. Nb6 Ke8 43. fxg5 hxg5 44. Ke4 (44. Nxd7 $142 Kxd7 45. Ke4) 44... Kd8 (44... Be6 $142 45. Bf1 Ba2) 45. Bf7 (45. Nxd7 $142 Kxd7 46. Kf3) 45... Be8 46. Bxe8 Kxe8 47. Na8 Kd7 48. Nc7 {[%emt 0:00:25] Threatens to win with Ke3.} Kc8 49. Kf3 {[%emt 0:00:09] White wants to mate with Kg2.} Kd7 50. Kg3 {[%emt 0:10:07] Weighted Error Value: White=0.61/Black=0.53.  Loses game:     	---       	Black=2      Missed win:     	White=1     	---        Mistake:       	White=1     	Black=5      Inaccurate:     	White=2     	Black=3      OK:         	White=11    	Black=8      Strong:       	White=1     	---} 1-0

[Event "Seniors-LEM-65 Sachsen-Anhalt 2024"]
[Site "Magdeburg"]
[Date "2024.07.01"]
[Round "1.28"]
[White "Weigelt, Joachim"]
[Black "Lorenz, Dietmar"]
[Result "0-1"]
[ECO "B12"]
[WhiteElo "1810"]
[BlackElo "1981"]
[Annotator "TA"]
[PlyCount "86"]
[EventDate "2024.06.25"]
[EventType "swiss"]
[EventCountry "GER"]
[SourceTitle "playchess.com"]
[Source "ChessBase"]
[SourceQuality "1"]
[TimeControl "40/5400+30:1800+30"]

1. e4 c6 2. d4 d5 3. e5 c5 4. c3 Bf5 5. g4 Be4 6. f3 Bg6 7. h4 (7. Bb5+ $11 Nc6 8. Qa4) 7... h5 $1 $15 8. g5 {[%emt 0:00:09] Black is slightly better.} e6 9. Ne2 Ne7 10. Nf4 (10. Be3 $15) 10... Bf5 (10... cxd4 $17 11. Nxg6 Nxg6 12. cxd4 Nc6) 11. Bd3 ({White should play} 11. Be3 $15) 11... g6 (11... cxd4 $17 {...Nbc6 is the strong threat.} 12. Bb5+ Nbc6 13. cxd4 a6 (13... Bxb1 14. Bxc6+ Nxc6 15. Rxb1 $17) 14. Bxc6+ Nxc6) 12. Be3 ({White should try} 12. Na3 $15) 12... Nbc6 13. Na3 a6 {[%emt 0:02:36] Prevents Nb5} 14. Rc1 (14. Nc2 $142) 14... Bxd3 $17 15. Qxd3 c4 (15... Qb6 $19 {is more deadly.} 16. Rb1 cxd4 17. cxd4 Nf5) 16. Qc2 (16. Qd2 $17) 16... Nf5 $19 17. Bf2 (17. Kf2 $142) 17... Qa5 18. Ne2 Bxa3 19. bxa3 Qxa3 20. O-O O-O 21. Rb1 b5 22. Rb2 Rfb8 23. Rfb1 Rb7 24. Kh2 Rab8 25. Kh3 Nfe7 {[%emt 0:06:45] Excellent horsemanship.} 26. Nf4 Kg7 27. Ne2 Nc8 28. Qc1 Nb6 29. Qf4 Nd7 {[%emt 0:04:58] Active counter play!} 30. Qc1 a5 31. Qc2 b4 {[%emt 0:04:50] [#] White must now prevent ...b3.} 32. Kg2 b3 33. axb3 {[%emt 0:00:44] Black is clearly winning.} cxb3 34. Qc1 Qa4 35. Qd2 Qc4 36. Nc1 a4 37. Ra1 {[%emt 0:00:51] White is weak on the light squares} Ra7 38. Ra3 Na5 39. Rb1 Qc6 {[%emt 0:00:30] [#] And now ...Nc4 would win.} 40. c4 Nxc4 41. Qc3 Qb7 42. Raxb3 axb3 43. Rxb3 Qc8 {[%emt 0:00:27] Weighted Error Value: White=0.69/Black=0.33.  Mistake:       	White=7     	Black=3      Inaccurate:     	White=2     	Black=3      OK:         	White=4     	Black=12     Strong:       	---       	Black=1} 0-1

[Event "Seniors-LEM-65 Sachsen-Anhalt 2024"]
[Site "Magdeburg"]
[Date "2024.07.01"]
[Round "1.29"]
[White "Richter, Rainer"]
[Black "Bielfeldt, Michael"]
[Result "1-0"]
[ECO "D12"]
[WhiteElo "1981"]
[BlackElo "1810"]
[Annotator "RC"]
[PlyCount "153"]
[EventDate "2024.06.25"]
[EventType "swiss"]
[EventCountry "GER"]
[SourceTitle "playchess.com"]
[Source "ChessBase"]
[SourceQuality "1"]
[TimeControl "40/5400+30:1800+30"]

1. d4 d5 2. Nf3 Bf5 3. c4 c6 4. Nc3 e6 5. Qb3 Qb6 6. e3 Nf6 7. c5 Qc7 8. Bd2 Nbd7 9. Be2 h6 10. O-O Be7 11. Qd1 O-O 12. b4 e5 13. Nh4 Bh7 14. f4 exd4 15. exd4 Ne4 16. Nxe4 Bxh4 17. Nf2 Bf6 18. Be3 Rfe8 19. Qd2 Nf8 20. Ng4 Bd8 21. f5 f6 22. Bd3 Kh8 23. Bf4 Qf7 24. a4 Bc7 25. b5 a6 26. bxa6 bxa6 27. Rab1 Rab8 28. Rxb8 Rxb8 29. Bxa6 Bxf4 30. Qxf4 Ra8 31. Bd3 Rxa4 32. Rb1 Ra3 33. Nf2 Qe8 34. g4 Bg8 35. h4 Nh7 36. Kg2 Ra2 37. Kf1 Qe7 38. Re1 Qb7 39. Rb1 Qe7 40. Re1 Qb7 41. Re8 Ra1+ 42. Kg2 Qb2 43. Rb8 Qc3 44. Re8 Qb2 45. Qb8 Qxb8 46. Rxb8 Ra4 47. Rc8 Rxd4 48. Rxc6 Nf8 49. Rd6 Ra4 50. Rd8 Ra5 51. Rxf8 Rxc5 52. Rd8 Kh7 53. Rd7 Ra5 54. Kg3 Ra3 55. Kf4 Ra2 56. Ke3 Ra4 57. Bb5 Ra5 58. Bc6 Rc5 59. Ba4 Rc3+ 60. Nd3 Rc4 61. Bd1 Rc3 62. Bf3 Ra3 63. Bxd5 Bxd5 64. Rxd5 Ra4 65. Nf4 Ra3+ 66. Rd3 Ra8 67. Ne6 Rg8 68. Rd7 Kh8 69. Kf4 Kh7 70. Rd8 Rxd8 71. Nxd8 Kg8 72. Ke4 Kh7 73. h5 Kg8 74. Kd5 Kf8 75. Ke6 Ke8 76. Nf7 Kf8 77. Nxh6 1-0

[Event "Seniors-LEM-65 Sachsen-Anhalt 2024"]
[Site "Magdeburg"]
[Date "2024.07.01"]
[Round "1.29"]
[White "Richter, Rainer"]
[Black "Bielfeldt, Michael"]
[Result "*"]
[ECO "D12"]
[WhiteElo "1981"]
[BlackElo "1810"]
[Annotator "RC"]
[PlyCount "60"]
[EventDate "2024.06.25"]
[EventType "swiss"]
[EventCountry "GER"]
[SourceTitle "playchess.com"]
[Source "ChessBase"]
[SourceQuality "1"]
[TimeControl "40/5400+30:1800+30"]

1. d4 d5 2. Nf3 Bf5 3. c4 c6 4. Nc3 e6 5. Qb3 Qb6 6. e3 Nf6 7. c5 Qc7 8. Bd2 Nbd7 9. Be2 h6 10. O-O Be7 11. Qd1 O-O 12. b4 e5 13. Nh4 Bh7 14. f4 exd4 15. exd4 Ne4 16. Nxe4 Bxh4 17. Nf2 Bf6 18. Be3 Rfe8 19. Qd2 Nf8 20. Ng4 Bd8 21. f5 f6 22. Bd3 Kh8 23. Bf4 Qf7 24. a4 Bc7 25. b5 a6 26. bxa6 bxa6 27. Rab1 Rab8 28. Rxb8 Rd8 29. Rc8 Rxc8 30. Bxa6 Rb8 *

[Event "Seniors-LEM-65 Sachsen-Anhalt 2024"]
[Site "Magdeburg"]
[Date "2024.07.01"]
[Round "1.30"]
[White "Bausch, Jean"]
[Black "Gehrmann, Rudolf-Rainer"]
[Result "0-1"]
[ECO "A37"]
[WhiteElo "1790"]
[BlackElo "1980"]
[Annotator "RC"]
[PlyCount "82"]
[EventDate "2024.06.25"]
[EventType "swiss"]
[EventCountry "GER"]
[SourceTitle "playchess.com"]
[Source "ChessBase"]
[SourceQuality "1"]
[TimeControl "40/5400+30:1800+30"]

1. c4 c5 2. Nc3 g6 3. Nf3 Bg7 4. g3 Nc6 5. Bg2 e6 6. d3 Nge7 7. O-O d5 8. cxd5 Nxd5 9. Nxd5 exd5 10. Rb1 O-O 11. Bg5 f6 12. Bd2 Be6 13. b3 Rc8 14. Rc1 Qe7 15. e3 b5 16. Qe2 c4 17. dxc4 dxc4 18. Nd4 Nxd4 19. exd4 Qd7 20. Rfe1 Rfe8 21. d5 Bxd5 22. Bxd5+ Qxd5 23. Qxe8+ Rxe8 24. Rxe8+ Kf7 25. Rce1 Qd7 26. bxc4 bxc4 27. Bc3 Qxe8 28. Rxe8 Kxe8 29. f4 Kf7 30. Kf2 Ke6 31. Ke3 Kd5 32. g4 Bf8 33. Bxf6 Bc5+ 34. Kd2 Bg1 35. h3 Ke4 36. Be5 Be3+ 37. Kc3 Bxf4 38. Bd4 Be5 39. Bxe5 Kxe5 40. Kxc4 Kf4 41. Kd4 g5 0-1